 Dungeon Crawl Stone Soup version 0.27-a0-328-g7f782ed93a (webtiles) character file.

Game seed: 12591598654378364027

2 DavidChitty2 the Skirmisher (level 1, -1/20 HPs)
             Began as a Hill Orc Abyssal Knight on Feb 11, 2021.
             Was an Initiate of Lugonu.
             Succumbed to a kobold's poison
             ... on level 1 of the Dungeon.
             The game lasted 00:00:53 (388 turns).

DavidChitty2 the Skirmisher (HOAK)                   Turns: 388, Time: 00:00:53

Health: -1/20      AC:  3    Str: 12    XL:     1   Next: 40%
Magic:  2/2        EV: 11    Int: 12    God:    Lugonu [......]
Gold:   12         SH:  0    Dex: 12    Spells: 0/0 levels left

rFire    . . .     SeeInvis .   a - +1 hand axe
rCold    . . .     Faith    .   (no shield)
rNeg     . . .     Spirit   .   b - +0 leather armour
rPois    .         Reflect  .   (no helmet)
rElec    .         Harm     .   (no cloak)
rCorr    .         Rampage  .   (no gloves)
Will     .....                  (no boots)
Stlth    +.........             c - amulet of the acrobat
HPRegen  0.06/turn              (no ring)
MPRegen  0.08/turn              (no ring)

@: lethally poisoned (-1 -> -21)
A: agile 1, weak 1, MP-powered wands
a: Renounce Religion


You were on level 1 of the Dungeon.
You worshipped Lugonu.
Lugonu was noncommittal.
You visited 1 branch of the dungeon, and saw 1 of its levels.
You visited the Abyss 1 time.

You collected 12 gold pieces.

Inventory:

Hand Weapons
 a - a +1 hand axe (weapon)
Armour
 b - a +0 leather armour (worn)
Jewellery
 c - an amulet of the acrobat (around neck)
   (You found it on level 1 of the Abyss)
Potions
 d - a potion of mutation {!q}


   Skills:
 + Level 3.6 Fighting
 * Level 2.8 Axes
 + Level 2.2 Armour
 - Level 0.7 Dodging
 + Level 2.5 Invocations


You couldn't memorise any spells.
You didn't know any spells.
Your spell library was empty.

Dungeon Overview and Level Annotations

Branches:
Dungeon (1/15)

Altars:


Innate Abilities, Weirdness & Mutations

You are agile. (Dex +2)
You are weak. (Str -2)
You expend magic power (3 MP) to strengthen your wands.


Message History

You hit the leopard gecko.
You kill the leopard gecko!
Lugonu accepts your kill.
No target in view!
No target in view!
Found 9 gold pieces.
You now have 12 gold pieces (gained 9).
Found a stone staircase leading down.
Found a ring mail.
You see here a ring mail.
Found a stone staircase leading down.
A kobold comes into view. It is wielding a +2 whip of venom.
The kobold shouts!
The kobold throws a stone.
The stone completely misses you.
A kobold is nearby!
A kobold is nearby!
The kobold throws a stone.
The stone completely misses you.
An ooze comes into view.
The kobold throws a stone.
The stone misses you.
Found a scroll labelled TUVVOO JEZAZE.
You closely miss the kobold.
The kobold hits you with a +2 whip of venom.
You are poisoned.
The kobold barely misses you.
You closely miss the kobold.
You feel sick. The kobold barely misses you.
You barely miss the kobold.
You feel sick. The kobold barely misses you.
You hit the kobold.
You feel sick.
The kobold hits you with a +2 whip of venom.
You are lethally poisoned!
You hit the kobold but do no damage.
You feel sick.
The kobold hits you with a +2 whip of venom.
You are more poisoned.
Okay, then.
You slash the kobold!
You kill the kobold!
Lugonu accepts your kill.
* * * LOW HITPOINT WARNING * * *
You feel sick.
It was a potion of mutation.
You feel extremely strange.
You feel your magical essence link to the dungeon's wands.
You feel weaker.
You feel agile.
* * * LOW HITPOINT WARNING * * *
You feel sick. The ooze hits you.
* * * LOW HITPOINT WARNING * * *
You hit the ooze.
* * * LOW HITPOINT WARNING * * *
You feel sick. The ooze hits you.
* * * LOW HITPOINT WARNING * * *
You hit the ooze.
You die...

##...........##..##
##.........###..#
##.......## #[.#
######.#######..#
....#...#.......# .
....#.#........# ...
#..#...###.#.#
.....###....#.#.....#
..?...J@......#...#####
.....########..........
... #.....#.### #
##...##.# ...... #
##...#.. ##.......
####.>#. ..#


You could see an ooze.

Vanquished Creatures
  A leopard gecko (D:1)
  A kobold (D:1)
2 creatures vanquished.

Notes
Turn   | Place    | Note
-------+----------+-------------------------------------------
     0 | Abyss:1  | DavidChitty2 the Hill Orc Abyssal Knight began the quest
                  | for the Orb.
     0 | Abyss:1  | Reached XP level 1. HP: 19/19 MP: 2/2
   127 | Abyss:1  | Found a corrupted altar of Lugonu.
   138 | Abyss:1  | Found a corrupted altar of Lugonu.
   159 | Abyss:1  | Found a corrupted altar of Lugonu.
   201 | Abyss:1  | Noticed a thrashing horror
   204 | D:1      | Escaped the Abyss
   386 | D:1      | Gained mutation: You expend magic power (3 MP) to
                  | strengthen your wands. [potion of mutation]
   386 | D:1      | Gained mutation: You are weak. (Str -2) [potion of
                  | mutation]
   386 | D:1      | Gained mutation: You are agile. (Dex +2) [potion of
                  | mutation]
   387 | D:1      | HP: 1/20 [ooze (2)]
   388 | D:1      | Succumbed to a kobold's poison

Illustrated notes

Levels and vault maps discovered:
D:1:      psy_arrival_dodecagon, layout_loops_ring

Action                   || total
-------------------------++-------
Melee: Hand axe          ||    14
Invok: Depart the Abyss  ||     1
  Use: Potion            ||     1
Armor: Leather armour    ||     2
Dodge: Dodged            ||    11

Table legend: (Time is in decaauts)
 A = Elapsed time spent in this place.
 B = Non-inter-level travel time spent in this place.
 C = Inter-level travel time spent in this place.
 D = Time resting spent in this place.
 E = Time spent auto-exploring this place.
 F = Levels seen in this place.
 G = Mean time per level.
                   A        B        C        D        E       F      G
               +--------+--------+--------+--------+--------+-----+--------+
         Total |    389 |    389 |      0 |    100 |    244 |   2 |  194.5 |
       Dungeon |    185 |    185 |      0 |      0 |    152 |   1 |  185.0 |
         Abyss |    204 |    204 |      0 |    100 |     92 |   1 |  204.0 |
               +--------+--------+--------+--------+--------+-----+--------+

Top non-repeatable levels by time:
 Abyss:1: 204 daAuts
     D:1: 185 daAuts
